 Dungeon Crawl Stone Soup version 0.32-a0-17-gb74e046682 (webtiles) character file.

Game seed: 10885242960890062846

1857390 Charly the Slayer (level 27, 170/170 HPs)
             Began as a Vine Stalker Brigand on Jan 15, 2024.
             Was an Initiate of Gozag.
             Escaped with the Orb
             ... and 3 runes!
             The game lasted 02:53:38 (55344 turns).

Charly the Slayer (Vine Stalker Brigand)           Turns: 55344, Time: 02:53:39

Health: 170/170    AC: 22    Str: 22    XL:     27
Magic:  45/45      EV: 35    Int: 10    God:    Gozag
Gold:   2948       SH:  0    Dex: 25    Spells: 61/61 levels left

rFire   + + .        a - +8 rapier (elec)
rCold   + . .        (no shield)
rNeg    + . .        m - +0 ring mail of Chimes {rF++ rC+ rN+}
rPois   +            P - +0 mask of the Dragon {Will+ Slay+3 SInv}
rElec   +            F - +2 cloak {rCorr}
rCorr   +            o - +2 pair of gloves {hurl}
SInv    +            A - +5 pair of boots of the Feeding Gods {+Inv rElec rPois}
Will    ++++.        r - amulet of Vitality {RegenMP++ Regen++}
Stlth   +++          z - ring of the Hare {EV+10}
HPRegen 2.88/turn    Q - +4 ring of slaying
MPRegen 1.09/turn

%: guardian spirit
@: studying 2 skills, bribing [the Dungeon]
A: fangs 3, regeneration 1, magic shield, antimagic bite, no potion heal 2,
deterioration 1, strong 1, evolution 1, subdued magic 1, persistent drain
0: Orb of Zot
}: 3/15 runes: decaying, serpentine, silver
a: Renounce Religion, Evoke Invisibility, Potion Petition, Call Merchant, Bribe
Branch


You escaped.
You worshipped Gozag.
Gozag was most pleased with you.
You visited 10 branches of the dungeon, and saw 48 of its levels.
You visited 1 bazaar.
You also visited: Bailey, Gauntlet, Ice Cave and Volcano.

You collected 28214 gold pieces.
You spent 12090 gold pieces at shops.
You paid 13176 gold pieces to Gozag.

Inventory:

Hand Weapons
 a - a +8 rapier of electrocution (weapon)
 M - a +1 quick blade of freezing
Missiles
 d - 9 curare-tipped darts
 u - 2 throwing nets
 X - 14 atropa-tipped darts
Armour
 l - the scarf of Knowledge {repulsion, rElec Str+4 Dex+2}
   (You found it in an ice cave)

   Str+4:     It affects your strength (+4).
   Dex+2:     It affects your dexterity (+2).
   rElec:     It insulates you from electricity.
 m - the +0 ring mail of Chimes (worn) {rF++ rC+ rN+}
   (You found it on level 5 of the Vaults)

   rF++:      It greatly protects you from fire.
   rC+:       It protects you from cold.
   rN+:       It protects you from negative energy.
 o - a +2 pair of gloves of hurling (worn)
 A - the +5 pair of boots of the Feeding Gods (worn) {+Inv rElec rPois}
   (You acquired it on level 5 of the Lair of Beasts)

   rElec:     It insulates you from electricity.
   rPois:     It protects you from poison +Inv: It lets you turn invisible.
 F - a +2 cloak of preservation (worn)
 P - the +0 mask of the Dragon (worn) {Will+ Slay+3 SInv}
   (You bought it in a shop on level 2 of the Orcish Mines)

   Slay+3:    It affects your accuracy & damage with ranged weapons and melee
   (+3).
   Will+:     It increases your willpower.
   SInv:      It lets you see invisible.
Jewellery
 c - a ring of protection from cold
 f - the ring of Naunul {rF++ rN+ Str-2}
   (You acquired it on level 2 of the Depths)

   [ring of positive energy]

   Str-2:     It affects your strength (-2).
   rF++:      It greatly protects you from fire.
   rN+:       It protects you from negative energy.
 h - the ring "Zoiqeinu" {rElec rF+ Str+6}
   (You bought it in a shop in a bazaar)

   [ring of protection from fire]

   Str+6:     It affects your strength (+6).
   rF+:       It protects you from fire.
   rElec:     It insulates you from electricity.
 r - the amulet of Vitality (around neck) {RegenMP++ Regen++}
   (You found it in a Gauntlet)

   [amulet of magic regeneration]

   RegenMP:   It increases your rate of magic regeneration.
   Regen++:   It increases your rate of health regeneration.
 z - the ring of the Hare (left hand) {EV+10}
   (You bought it in a shop on level 2 of the Depths)

   [ring of evasion]

   EV+10:     It affects your evasion (+10).
 Q - a +4 ring of slaying (right hand)
Wands
 g - a wand of acid (20)
 i - a wand of charming (23)
 C - a wand of mindburst (1) (quivered)
 G - a wand of digging (9)
 J - a wand of iceblast (15)
 Y - a wand of polymorph (10)
Scrolls
 b - 5 scrolls of poison
 j - 2 scrolls of revelation
 n - 6 scrolls of fog
 x - 7 scrolls of fear
 y - 9 scrolls of teleportation
 K - 13 scrolls of vulnerability
 N - 3 scrolls of brand weapon
 O - 9 scrolls of immolation
 V - 2 scrolls of blinking
 Z - 7 scrolls of enchant armour
Potions
 e - 6 potions of berserk rage
 k - 7 potions of resistance
 q - 6 potions of enlightenment
 s - 5 potions of attraction
 t - 11 potions of lignification
 v - 2 potions of ambrosia
 w - 27 potions of curing
 D - 3 potions of cancellation
 I - 10 potions of mutation
 L - 8 potions of haste
 T - a potion of might
 U - 2 potions of invisibility
 W - 5 potions of magic
Miscellaneous
 p - a box of beasts
 B - a lightning rod (4/4)
 E - a phantom mirror
 H - a condenser vane
 R - a phial of floods


   Skills:
 * Level 25.8 Fighting
 - Level 14.0 Short Blades
 - Level 1.7 Throwing
 - Level 14.8 Armour
 + Level 15.6 Dodging
 + Level 19.6 Stealth
 + Level 17.7 Spellcasting
 - Level 19.0 Evocations


You had 61 spell levels left.
You didn't know any spells.
Your spell library contained the following spells:

 Spells                   Type           Power      Damage    Failure   Level
 Foxfire                  Conj/Fire      24%        2x1d5     7%          1
 Freeze                   Ice            24%        1d4       7%          1
 Kiss of Death            Conj/Necr      24%        2d7       7%          1
 Magic Dart               Conj           24%        1d4       7%          1
 Necrotise                Necr           24%        1d5       7%          1
 Slow                     Hex            24%        N/A       7%          1
 Summon Small Mammal      Summ           24%        N/A       7%          1
 Blink                    Tloc           12%        N/A       11%         2
 Call Imp                 Summ           12%        N/A       11%         2
 Cigotuvi's Dreadful Rot  Necr/Alch/Air  12%        N/A       11%         2
 Lesser Beckoning         Tloc           12%        N/A       11%         2
 Mercury Vapours          Alch/Air       12%        N/A       11%         2
 Momentum Strike          Conj/Tloc      12%        3d8       11%         2
 Scorch                   Fire           12%        2d5       11%         2
 Sublimation of Blood     Necr           6%         N/A       11%         2
 Call Canine Familiar     Summ           6%         N/A       22%         3
 Confusing Touch          Hex            6%         N/A       22%         3
 Dazzling Flash           Conj/Hex       12%        N/A       22%         3
 Frozen Ramparts          Ice            12%        1d2       22%         3
 Gell's Gravitas          Tloc           6%         N/A       22%         3
 Hailstorm                Conj/Ice       6%         3d5       22%         3
 Inner Flame              Hex/Fire       6%         N/A       22%         3
 Mephitic Cloud           Conj/Alch/Air  6%         N/A       22%         3
 Sigil of Binding         Hex            6%         N/A       22%         3
 Summon Ice Beast         Ice/Summ       6%         N/A       22%         3
 Teleport Other           Tloc           6%         N/A       22%         3
 Tukima's Dance           Hex            6%         N/A       22%         3
 Vampiric Draining        Necr           6%         2d6       22%         3
 Anguish                  Hex/Necr       3%         N/A       58%         4
 Animate Armour           Summ/Erth      12%        N/A       58%         4
 Brom's Barrelling Bould  Conj/Erth      6%         2d3       58%         4
 Dimensional Bullseye     Hex/Tloc       3%         N/A       58%         4
 Dispel Undead            Necr           6%         3d8       58%         4
 Flame Wave               Conj/Fire      6%         2d5       58%         4
 Ignite Poison            Fire/Alch      6%         N/A       58%         4
 Iskenderun's Mystic Bla  Conj/Tloc      6%         2d4       58%         4
 Leda's Liquefaction      Alch/Erth      3%         N/A       58%         4
 Martyr's Knell           Necr/Summ      6%         N/A       58%         4
 Sticky Flame             Fire/Alch      6%         2d4       58%         4
 Summon Blazeheart Golem  Fire/Summ      6%         N/A       58%         4
 Summon Lightning Spire   Summ/Air       6%         N/A       58%         4
 Curse of Agony           Necr           6%         N/A       91%         5
 Fireball                 Conj/Fire      3%         3d4       91%         5
 Freezing Cloud           Conj/Ice/Air   3%         6-21      91%         5
 Iskenderun's Battlesphe  Conj           6%         2d6       91%         5
 Lee's Rapid Deconstruct  Erth           3%         3d5*      91%         5
 Silence                  Hex/Air        3%         N/A       91%         5
 Summon Forest            Summ/Tloc      3%         N/A       91%         5
 Summon Mana Viper        Hex/Summ       6%         N/A       91%         5
 Yara's Violent Unravell  Hex/Alch       3%         3d4       91%         5
 Bombard                  Conj/Erth      3%         9d1       100%        6
 Conjure Ball Lightning   Conj/Air       3%         3x3d6     100%        6
 Death Channel            Necr           3%         N/A       100%        6
 Eringya's Noxious Bog    Alch           3%         4d6       100%        6
 Plasma Beam              Fire/Air       3%         2x1d13    100%        6
 Sculpt Simulacrum        Ice/Alch       3%         N/A       100%        6
 Starburst                Conj/Fire      3%         6d3       100%        6
 Summon Cactus Giant      Summ           3%         N/A       100%        6
 Malign Gateway           Summ/Tloc      3%         N/A       100%        7
 Monstrous Menagerie      Summ           3%         N/A       100%        7
 Orb of Destruction       Conj           3%         9d5       100%        7
 Ozocubu's Refrigeration  Ice            3%         4d8       100%        7
 Spellforged Servitor     Conj/Summ      3%         N/A       100%        7
 Summon Hydra             Summ           3%         N/A       100%        7
 Ignition                 Fire           3%         3d4       100%        8
 Summon Horrible Things   Summ           3%         N/A       100%        8


Dungeon Overview and Level Annotations

Branches:
Dungeon (15/15)            Temple (1/1) D:4            Lair (5/5) D:8
  Swamp (4/4) Lair:3        Snake (4/4) Lair:2        Slime (0/5) Lair:4
    Orc (2/2) D:10            Elf (3/3) Orc:2        Vaults (5/5) D:13
  Crypt (0/3) Vaults:2     Depths (4/4) D:15            Zot (5/5) Depths:4
 Bailey (visited)           IceCv (visited)         Volcano (visited)
Gauntlet (visited)

Altars:
Ashenzari
Cheibriados
Dithmenos
Elyvilon
Fedhas
Gozag
Hepliaklqana
Kikubaaqudgha
Makhleb
Nemelex Xobeh
Okawaru
Qazlal
Ru
Sif Muna
Trog
Uskayaw
Vehumet
Wu Jian
Xom
Yredelemnul
Zin
The Shining One
Jiyva

Shops:
D:11 *   Orc:2 *=[[(((   Elf:2 (   Elf:3 =   Lair:3 [   Snake:1 (!==
Snake:2 (   Snake:4 :!   Vaults:1 [   Vaults:3 [   Vaults:4 ([   Depths:1 ::=*
Depths:2 =

Portals:
Hell: Depths:1 Depths:2 Depths:3 Depths:4
Abyss: Depths:2 Depths:3
Pandemonium: Depths:2 Depths:3
Ziggurat: Depths:4

Annotations:
D:2 1 runed translucent door, Crazy Yiuf
Lair:4 exclusion: oklob plant
Snake:4 Roxanne
Elf:2 3 runed translucent doors
Zot:4 1 transporter


Innate Abilities, Weirdness & Mutations

You have razor-sharp teeth.
Your natural rate of healing is unusually fast.
When hurt, damage is shared between your health and your magic reserves.
Your bite disrupts and absorbs the magic of your enemies.
Potions cannot restore your health.
Your body sometimes deteriorates upon taking damage.
Your muscles are strong. (Str +4, Int/Dex -1)
You have hidden genetic potential.
Your spells are a little easier to cast, but a little less powerful.
Your health recovers twice as slowly from being drained.


Message History

You feel your strength returning.
No target in view!
You now have 2948 gold pieces (gained 12).
What level of the Dungeon? (default 9, ? - help)
There is a stone staircase leading up here.
You climb upwards.
There is a stone staircase leading down here.
There is a stone staircase leading up here.
You climb upwards.
There is a stone staircase leading down here.
Things that are here:
a +0 robe; a +0 dagger You see here a +0 shortbow.
Things that are here:
a +0 chain mail; a +0 short sword
There is a stone staircase leading up here.
You climb upwards.
There is a stone staircase leading down, spattered with blood here.
There is a stone staircase leading up here.
You climb upwards.
There is a stone staircase leading down here.
There is a stone staircase leading down here.
There is a stone staircase leading up here.
You climb upwards.
There is a stone staircase leading down here.
There is a stone staircase leading up here.
You climb upwards.
There is a stone staircase leading down here.
There is a stone staircase leading up here.
You climb upwards.
Level annotation: 1 runed translucent door, Crazy Yiuf
There is a stone staircase leading down here.
There is a stone staircase leading up here.
You climb upwards.
There is a stone staircase leading down here.
Things that are here:
a stone; a +1 whip of freezing
There is an open door here.
There is a staircase leading out of the dungeon here.
You have escaped!

##### ######.@.######
###.............###
########.................###
....##.'...........).....+.#
###.#..#.................#.#
###.#.####.............###.######
.......# ###.........###.........
.##.##.# ###.....### ##.#######
.##.##.# ###.........####.......)


There were no monsters in sight!

Vanquished Creatures
  3 orbs of fire
  7 dread liches
  2 ancient liches
  Mara (Snake:4)
  3 juggernauts (Depths:3)
  Bai Suzhen (Depths:2)
  the Lernaean hydra (Swamp:4)
  4 Killer Klowns (Zot:5)
  Vashnia (Snake:4)
  A curse toe (Zot:4)
  A caustic shrike (Depths:3)
  Margery (Depths:4)
  6 golden dragons
  2 doom hounds (Zot:3)
  3 electric golems
  A walking crystal tome (Depths:3)
  A hellephant (Depths:4)
  10 tentacled monstrosities
  A Hell Sentinel (Zot:5)
  A walking earthen tome (Depths:2)
  5 liches
  A walking divine tome (Depths:3)
  Asterion (Depths:2)
  25 Orb Guardians (Zot:5)
  8 titans
  2 deep elf blademasters (Elf:3)
  3 deep elf master archers
  Grunn (Zot:3)
  8 quicksilver dragons
  Frances (D:14)
  11 sphinxes
  8 death cobs
  6 tengu reavers
  15 storm dragons
  2 thorn hunters
  11 shadow dragons
  4 nagarajas
  Agnes (D:15)
  Aizul (Vaults:2)
  Kirke (D:15)
  9 draconian monks
  5 draconian knights
  8 fire giants
  7 deep elf sorcerers
  A daeva (Depths:4)
  6 draconian shifters
  2 protean progenitors (Zot:3)
  11 frost giants
  14 vault wardens
  5 deep elf elementalists (Elf:3)
  3 iron dragons
  4 balrugs
  3 ghost moths
  A reaper (Depths:2)
  7 draconian scorchers
  23 ironbound preservers
  4 draconian annihilators
  4 orc warlords
  5 draconian stormcallers
  4 spriggan defenders
  18 stone giants
  An angel (Depths:4)
  3 formless jellyfish
  A ghoul (Swamp:3)
  16 very ugly things
  10 ironbound thunderhulks
  8 eleionomae
  12 green draconians
  4 vampire knights
  8 deep elf demonologists
  A lorocyproca (Depths:2)
  8 deep elf death magi
  10 spark wasps
  10 bunyips
  7 black draconians
  6 yellow draconians
  17 dire elephants
  6 purple draconians
  11 red draconians
  7 deep elf annihilators
  3 war gargoyles
  A minotaur (Gauntlet)
  7 white draconians
  Azrael (D:15)
  9 ettins
  A shambling mangrove (Swamp:2)
  A green death (Depths:4)
  3 blizzard demons
  An entropy weaver (shapeshifter) (Vaults:5)
  4 entropy weavers
  8 fire dragons
  Josephine (D:15)
  4 deep elf high priests
  6 great orbs of eyes
  9 yaktaur captains
  35 vault guards
  A rakshasa (Depths:2)
  2 salamander tyrants (Snake:4)
  A hell beast (Depths:2)
  9 ice dragons
  23 hydras
  Fannar (D:11)
  Erolcha (Orc:1)
  A peacekeeper (Vaults:4)
  6 spriggan air magi
  A caustic shrike simulacrum (IceCv)
  A ghost crab (Swamp:2)
  6 ogre magi
  3 catoblepae
  9 alligators
  2 death knights (D:15)
  6 deep troll shamans
  13 centaur warriors
  10 ironbound frosthearts
  4 boulder beetles
  12 dancing weapons
  15 naga warriors
  3 death scarabs
  20 two-headed ogres
  A vampire mage (Depths:2)
  9 anacondas
  4 deep troll earth magi
  3 tengu warriors
  14 shock serpents
  5 death yaks (Lair:5)
  A shock serpent (shapeshifter) (Depths:3)
  3 iron trolls
  11 spriggan berserkers
  4 hell knights
  4 deep elf knights
  A skyshark (shapeshifter) (Depths:3)
  15 naga sharpshooters
  Amaemon (D:11)
  A fire crab (Volcano)
  2 skysharks
  3 sun demons
  7 salamander mystics (Snake:4)
  A spectral death yak (Gauntlet)
  3 cyclopes (shapeshifter)
  4 goliath frogs
  4 spriggan druids
  56 deep trolls
  5 skeletal warriors (D:11)
  4 sea snakes (Snake:3)
  A large abomination (D:9)
  A shadow demon (Depths:2)
  15 mana vipers
  A deep troll (shapeshifter) (Vaults:5)
  An obsidian statue (Volcano)
  A glowing orange brain (Depths:4)
  12 swamp dragons
  12 bog bodies
  10 lindwurms
  13 deep elf archers
  13 deep elf zephyrmancers
  6 naga ritualists
  9 arcanists
  A flayed ghost (Depths:3)
  An orange crystal statue (IceCv)
  Pikel (D:5)
  41 ugly things
  2 wolf spiders (D:15)
  6 phantasmal warriors
  16 ironbound convokers
  13 orc knights
  A cyclops (D:11)
  27 deep elf pyromancers
  2 orc sorcerers (Orc:2)
  14 salamanders
  6 manticores
  21 vault sentinels
  33 moths of wrath
  Maurice (D:8)
  2 kobold blastminers (Orc:2)
  An orange demon (D:11)
  A rust devil (Zot:4)
  11 naga magi
  10 guardian serpents
  2 ice statues (Snake:3)
  A smoke demon (Depths:2)
  9 cane toads
  3 gargoyles
  39 black mambas
  A kobold demonologist (D:14)
  14 komodo dragons
  8 yaktaurs
  An efreet (D:14)
  5 rime drakes
  2 freezing wraiths (IceCv)
  A yaktaur (shapeshifter) (Elf:2)
  The ghost of Verendum the Insei, a novice OpSh (D:5)
  Psyche (D:8)
  2 golden dragon simulacra (IceCv)
  2 guardian mummies (Depths:2)
  An ice devil (Gauntlet)
  A tengu conjurer (D:15)
  18 hornets
  4 trolls
  3 wind drakes (Zot:3)
  An alligator simulacrum (IceCv)
  9 tyrant leeches
  32 blink frogs
  Grinder (D:5)
  A culicivora (Vaults:3)
  A jumping spider (Vaults:1)
  37 slime creatures
  3 centaur simulacra (Gauntlet)
  14 spriggans
  11 wraiths
  Sigmund (D:2)
  A shadow (D:11)
  A spectral black mamba (Gauntlet)
  2 water elementals
  An air elemental (Elf:1)
  5 fire elementals
  A vampire (D:12)
  43 yaks
  5 wyverns
  4 fire bats (Volcano)
  A warg (Orc:2)
  2 steam dragons
  A hog (D:15)
  7 redbacks
  9 vampire mosquitoes
  4 basilisks
  14 swamp worms
  Menkaure (D:4)
  A spectral cane toad (Gauntlet)
  A culicivora (shapeshifter) (Depths:3)
  Edmund (D:4)
  A harpy simulacrum (IceCv)
  40 nagas
  4 acid dragons
  3 hell hounds
  A naga (shapeshifter) (Elf:1)
  Duvessa (D:7)
  7 water moccasins
  6 swamp drakes (Swamp:4)
  33 orc warriors
  4 laughing skulls (D:14)
  A sky beast (shapeshifter) (Elf:1)
  2 ice beasts
  2 black bears
  14 wolves
  28 ogres
  2 lemures (D:5)
  22 centaurs
  A phantom (D:4)
  18 bullfrogs
  A kobold brigand (D:8)
  4 necrophages (Swamp:3)
  2 gnoll sergeants
  An earth elemental (Elf:1)
  A cane toad simulacrum (Gauntlet)
  Dowan (D:7)
  13 killer bees
  21 wights
  4 electric eels
  4 howler monkeys
  A bombardier beetle (D:3)
  5 lava snakes (Volcano)
  5 hounds
  2 jellies
  24 orc priests
  Ijyb (D:5)
  3 sleepcaps
  5 iguanas
  27 orc wizards
  12 human skeletons (Vaults:3)
  13 gnolls
  9 adders
  3 shadow imps
  4 white imps
  4 ufetubi
  6 dart slugs
  86 orcs
  7 endoplasms
  10 giant cockroaches
  12 goblins
  4 hobgoblins
  2 jackals (D:2)
  3 quokkas
  3 training dummies (Snake:2)
  6 ball pythons
  11 bats
  5 frilled lizards
  14 kobolds
  11 rats
  2 aspiring fleshes (Zot:3)
  2 butterflies (D:4)
2051 creatures vanquished.

Vanquished Creatures (collateral kills)
  Saint Roka (Snake:3)
  Rupert (D:13)
  A frost giant (Depths:3)
  An ogre mage (Orc:1)
  A tengu warrior (Depths:3)
  3 two-headed ogres (Orc:1)
  A deep troll earth mage (Depths:3)
  A deep troll shaman (Depths:3)
  2 deep trolls (Depths:3)
  A mana viper (Snake:3)
  An orc sorcerer (Orc:1)
  A black mamba (Snake:3)
  A naga mage (Snake:3)
  A dire elephant simulacrum (IceCv)
  2 orc warriors (Orc:1)
  An ettin simulacrum (IceCv)
  An ogre (Orc:1)
  A lindwurm simulacrum (IceCv)
  3 orcs
25 creatures vanquished.

Vanquished Creatures (others)
  A curse toe (Zot:3)
  A deep elf sorcerer (Elf:3)
  A green draconian (Zot:4)
  A deep troll earth mage (Depths:3)
  3 two-headed ogres
  A sea snake (Snake:3)
  A deep troll (Depths:3)
  An orc knight (Vaults:1)
  A bloated husk (Swamp:1)
  A hornet (Swamp:2)
  A steam dragon (Volcano)
  An orc warrior (Snake:3)
  An orc (D:10)
15 creatures vanquished.

Grand Total: 2091 creatures vanquished

Notes
Turn   | Place    | Note
-------+----------+-------------------------------------------
     0 | D:1      | Charly the Vine Stalker Brigand began the quest for the
                  | Orb.
     0 | D:1      | Reached XP level 1. HP: 11/11 MP: 2/2
   120 | D:1      | Found a faded altar of an unknown god.
   172 | D:1      | Reached XP level 2. HP: 15/15 MP: 3/3
   192 | D:1      | Reached skill level 2 in Fighting
   192 | D:1      | Reached skill level 5 in Stealth
   395 | D:1      | Reached XP level 3. HP: 18/18 MP: 2/4
  1258 | D:2      | Noticed Sigmund
  1326 | D:2      | Killed Sigmund
  1327 | D:2      | Reached skill level 1 in Spellcasting
  1327 | D:2      | Reached XP level 4. HP: 23/23 MP: 4/6
  1327 | D:2      | Reached XP level 5. HP: 28/28 MP: 4/7
  1469 | D:2      | You are sucked into a shaft and drop 1 floor!
  1673 | D:2      | Reached skill level 3 in Fighting
  1710 | D:2      | Found a runed translucent door.
  1711 | D:2      | Noticed Crazy Yiuf
  1783 | D:2      | Reached XP level 6. HP: 30/32 MP: 8/8
  2060 | D:3      | Found a stormy altar of Qazlal.
  2274 | D:3      | Found a snail-covered altar of Cheibriados.
  2826 | D:4      | Noticed Menkaure
  2949 | D:4      | Noticed Edmund
  2983 | D:4      | Killed Edmund
  2984 | D:4      | Reached XP level 7. HP: 36/36 MP: 10/10
  3375 | D:4      | Reached skill level 5 in Short Blades
  3405 | D:4      | Found a staircase to the Ecumenical Temple.
  3416 | Temple   | Entered the Ecumenical Temple
  3948 | D:4      | Killed Menkaure
  3949 | D:4      | Reached skill level 4 in Fighting
  4095 | D:5      | Entered Level 5 of the Dungeon
  4095 | D:5      | Found a radiant altar of Vehumet.
  4122 | D:5      | Gained mutation: You have razor-sharp teeth. [Vine Stalker
                  | growth]
  4122 | D:5      | Reached XP level 8. HP: 36/42 MP: 12/12
  4132 | D:5      | Found an ancient bone altar of Kikubaaqudgha.
  4133 | D:5      | Found a shimmering blue altar of Sif Muna.
  4139 | D:5      | Got Kikubaaqudgha's Grimoire of Iniquitous Rituals
  4157 | D:5      | Found a runed translucent gate.
  4158 | D:5      | Found a runed translucent gate.
  4241 | D:5      | Found a runed translucent gate.
  4243 | D:5      | Found an opulent altar of Gozag.
  4253 | D:5      | Noticed Verendum's ghost (novice OpSh)
  4517 | D:5      | Noticed Ijyb
  4519 | D:5      | Killed Ijyb
  4553 | D:5      | Noticed Grinder
  4667 | D:5      | Noticed Pikel
  4759 | D:5      | Killed Pikel
  4760 | D:5      | Reached skill level 5 in Fighting
  4760 | D:5      | Reached XP level 9. HP: 19/47 MP: 6/13
  5056 | D:5      | Found a sparkling altar of Nemelex Xobeh.
  5056 | D:5      | Found a burning altar of Makhleb.
  5222 | D:5      | Killed Verendum's ghost
  5317 | D:5      | Became a worshipper of Gozag Ym Sagoz the Greedy
  5740 | D:6      | Reached skill level 6 in Fighting
  5865 | D:6      | Found the +9 sword of Power {lifebolt}
  5943 | D:6      | Found an opulent altar of Gozag.
  6068 | D:7      | Reached skill level 10 in Stealth
  6138 | D:7      | Noticed Dowan
  6245 | D:7      | Noticed Duvessa
  6249 | D:7      | Reached XP level 10. HP: 53/53 MP: 12/14
  6251 | D:7      | Killed Dowan
  6261 | D:7      | Killed Duvessa
  6318 | D:7      | Found a flagged portal.
  6331 | Bailey   | Entered a bailey
  6481 | Bailey   | Noticed an orc knight
  6530 | Bailey   | Killed an orc knight
  6531 | Bailey   | Reached skill level 1 in Evocations
  6595 | Bailey   | Found a large runed translucent door.
  6595 | Bailey   | Found a large runed translucent door.
  6596 | Bailey   | Noticed a deep elf pyromancer
  6862 | Bailey   | Killed a deep elf pyromancer
  6872 | Bailey   | Identified the +2 robe "Tefuraom" {rElec rC+}
  7310 | D:5      | Killed Grinder
  7366 | D:8      | Reached skill level 7 in Fighting
  7508 | D:8      | Reached skill level 10 in Short Blades
  7611 | D:8      | Noticed Maurice
  7644 | D:8      | Killed Maurice
  7645 | D:8      | Reached skill level 1 in Armour
  7783 | D:8      | Noticed a deep elf pyromancer
  7867 | D:8      | Killed a deep elf pyromancer
  7868 | D:8      | Reached XP level 11. HP: 58/58 MP: 15/17
  7884 | D:8      | Found a staircase to the Lair.
  7896 | D:8      | Noticed Psyche
  7905 | D:8      | Killed Psyche
  8175 | D:8      | Found a white marble altar of Elyvilon.
  8253 | D:8      | Found a basalt altar of Yredelemnul.
  8469 | D:9      | Found a bloodstained altar of Trog.
  8829 | D:9      | Reached skill level 8 in Fighting
  8993 | D:9      | Found a blossoming altar of Fedhas.
  9355 | D:10     | Entered Level 10 of the Dungeon
  9592 | D:10     | Reached skill level 5 in Spellcasting
 10040 | D:10     | Reached skill level 9 in Fighting
 10046 | D:10     | Found a staircase to the Orcish Mines.
 10265 | D:10     | Found a glowing silver altar of Zin.
 10297 | D:10     | Found a hide-covered altar of Uskayaw.
 10383 | Orc:1    | Entered Level 1 of the Orcish Mines
 10391 | Orc:1    | Noticed an orc sorcerer
 10439 | Orc:1    | Killed an orc sorcerer
 10443 | Orc:1    | Reached skill level 5 in Evocations
 10468 | Orc:1    | Reached XP level 12. HP: 61/66 MP: 20/20
 10618 | Orc:1    | Noticed a two-headed ogre
 10619 | Orc:1    | Noticed an ogre mage
 10716 | Orc:1    | Noticed a two-headed ogre
 10716 | Orc:1    | Noticed a two-headed ogre
 10717 | Orc:1    | Noticed a two-headed ogre
 10719 | Orc:1    | Killed an ogre mage
 10728 | Orc:1    | Killed a two-headed ogre
 10732 | Orc:1    | Noticed a two-headed ogre
 10735 | Orc:1    | Killed a two-headed ogre
 10738 | Orc:1    | Killed a two-headed ogre
 10941 | Orc:2    | Entered Level 2 of the Orcish Mines
 10953 | Orc:2    | Noticed Erolcha
 10985 | Orc:1    | Killed Erolcha
 10986 | Orc:1    | Reached skill level 10 in Fighting
 11179 | Orc:2    | Bought a runed rapier for 217 gold pieces
 11179 | Orc:2    | Bought a runed short sword for 186 gold pieces
 11232 | Orc:2    | Reached skill level 1 in Dodging
 11495 | Orc:2    | Found a staircase to the Elven Halls.
 11500 | Orc:2    | Noticed a two-headed ogre
 11503 | Orc:2    | Noticed a two-headed ogre
 11503 | Orc:2    | Noticed a two-headed ogre
 11505 | Orc:2    | Noticed a two-headed ogre
 11508 | Orc:2    | Killed a two-headed ogre
 11510 | Orc:2    | Killed a two-headed ogre
 11514 | Orc:2    | Noticed a two-headed ogre
 11543 | Orc:2    | Killed a two-headed ogre
 11546 | Orc:2    | Killed a two-headed ogre
 11600 | Orc:2    | Noticed a two-headed ogre
 11602 | Orc:2    | Noticed an ogre mage
 11625 | Orc:2    | Killed an ogre mage
 11629 | Orc:2    | Killed a two-headed ogre
 11636 | Orc:2    | Reached XP level 13. HP: 47/72 MP: 24/24
 12212 | Orc:2    | Reached skill level 11 in Fighting
 12278 | Orc:2    | Found Yrgheodwo's Jewellery Shoppe.
 12278 | Orc:2    | Found Paofafy's Antique Weapon Boutique.
 12280 | Orc:2    | Found Echypoys's Assorted Antiques.
 12280 | Orc:2    | Found Cizxid's Armour Shoppe.
 12644 | Lair:1   | Entered Level 1 of the Lair of Beasts
 13638 | Lair:2   | Found a staircase to the Snake Pit.
 13653 | Lair:2   | Reached XP level 14. HP: 71/79 MP: 25/25
 13771 | Lair:2   | You are sucked into a shaft and drop 2 floors!
 14116 | Lair:3   | Found a staircase to the Swamp.
 14494 | Lair:2   | Reached skill level 15 in Stealth
 15643 | Orc:2    | Bought the +0 mask of the Dragon {Will+ Slay+3 SInv} for
                  | 1302 gold pieces
 15643 | Orc:2    | Found the +0 mask of the Dragon {Will+ Slay+3 SInv}
 15888 | Lair:4   | Reached skill level 5 in Dodging
 16472 | Lair:4   | Found a viscous altar of Jiyva.
 16664 | Lair:5   | Entered Level 5 of the Lair of Beasts
 16837 | Lair:5   | Found a dark tunnel.
 16854 | Volcano  | Entered a volcano
 17082 | Volcano  | Found a bloodstained altar of Trog.
 17482 | Lair:5   | Reached XP level 15. HP: 84/84 MP: 26/26
 17622 | Lair:5   | Reached skill level 12 in Fighting
 18060 | Lair:5   | Identified a scroll of acquirement
 18061 | Lair:5   | Acquired the +5 pair of boots of the Feeding Gods {+Inv
                  | rElec rPois}
 18534 | Orc:2    | Bought a translucent chain mail for 370 gold pieces
 18534 | Orc:2    | Identified the +6 chain mail of Fawigoo {Str+3} (You bought
                  | it in a shop on level 2 of the Orcish Mines)
 18565 | Orc:2    | Bought a pair of glowing gloves for 292 gold pieces
 18691 | D:11     | Noticed Fannar
 18694 | D:11     | Killed Fannar
 18716 | D:11     | Noticed Amaemon
 18722 | D:11     | Killed Amaemon
 18744 | D:11     | Found Ypeizu's Demolitions Depot.
 18935 | D:11     | Found the +6 shillelagh "Devastator" {shatter}
 20382 | D:13     | Found a gate leading to a gauntlet.
 20384 | D:13     | Noticed Rupert
 20390 | D:13     | Killed Rupert
 20405 | Gauntlet | Entered a Gauntlet
 20405 | Gauntlet | Found a transporter.
 20416 | Gauntlet | Found a transporter.
 20431 | Gauntlet | Found a transporter.
 20436 | Gauntlet | Found a transporter.
 20453 | Gauntlet | Found a transporter.
 20471 | Gauntlet | Found a transporter.
 20472 | Gauntlet | Found the amulet of Vitality {RegenMP++ Regen++}
 20483 | Gauntlet | Found a transporter.
 20489 | Gauntlet | Found a transporter.
 20504 | Gauntlet | Found a transporter.
 20516 | Gauntlet | Found a transporter.
 20522 | Gauntlet | Found a transporter.
 20537 | Gauntlet | Found a transporter.
 20554 | Gauntlet | Found a transporter.
 20572 | Gauntlet | Found a transporter.
 20574 | Gauntlet | Found a transporter.
 20599 | Gauntlet | Found a transporter.
 20601 | Gauntlet | Found a transporter.
 20621 | Gauntlet | Found a transporter.
 21081 | Gauntlet | Identified the amulet "Isah" {Acrobat Harm Str-2 Int+3}
 21096 | Gauntlet | Identified the staff "Uzauvega" {rElec Dex+4 Air}
 21097 | Gauntlet | Got Cuenes's Annotations on Blistering Orogeny
 21246 | D:11     | Bought a manual of Evocations for 1200 gold pieces
 21429 | D:13     | Found a gate to the Vaults.
 21444 | D:13     | Reached skill level 10 in Evocations
 22206 | D:14     | Reached XP level 16. HP: 90/90 MP: 27/27
 22719 | D:14     | Noticed Frances
 22723 | D:14     | Killed Frances
 22906 | D:15     | Entered Level 15 of the Dungeon
 22921 | D:15     | Noticed Agnes
 22933 | D:15     | Killed Agnes
 23472 | D:15     | Noticed Kirke
 23490 | D:15     | Killed Kirke
 23491 | D:15     | Reached skill level 13 in Fighting
 23550 | D:15     | Noticed Josephine
 23583 | D:15     | Killed Josephine
 23605 | D:15     | Reached skill level 5 in Armour
 23643 | D:15     | Noticed Azrael
 23681 | D:15     | Killed Azrael
 23766 | D:15     | Found a staircase to the Depths.
 24073 | D:11     | Bought a condenser vane for 600 gold pieces
 24265 | Snake:1  | Entered Level 1 of the Snake Pit
 24387 | Snake:1  | Found Roph's Jewellery Shoppe.
 24413 | Snake:1  | Found Teruusar's Jewellery Emporium.
 24486 | Snake:1  | Found Zeodof's Weapon Boutique.
 24546 | Snake:1  | Found Rugi's Distillery.
 24799 | Snake:2  | Found a blossoming altar of Fedhas.
 24879 | Snake:2  | Identified the +4 cloak "Asug" {Harm rC+ Regen+ Dex-2}
 24948 | Snake:2  | Found Adeurph's Firing Range.
 25104 | Snake:2  | Noticed a nagaraja
 25118 | Snake:2  | Killed a nagaraja
 25209 | Snake:2  | Reached XP level 17. HP: 94/95 MP: 28/28
 25527 | Snake:3  | Noticed Saint Roka
 25533 | Snake:3  | HP: 6/142 [Saint Roka/divine providence (10)]
 25602 | Snake:3  | Reached skill level 15 in Evocations
 25655 | Snake:3  | Found a glacial archway.
 25681 | IceCv    | Entered an ice cave
 25701 | IceCv    | Reached skill level 14 in Fighting
 25744 | IceCv    | Found a transporter.
 25763 | IceCv    | Found a transporter.
 25819 | IceCv    | Identified the scarf of Knowledge {repulsion, rElec Str+4
                  | Dex+2}
 26034 | Snake:3  | Killed Saint Roka
 26785 | Snake:1  | Bought a +4 ring of slaying for 1326 gold pieces
 26817 | Snake:1  | Bought a potion of haste for 170 gold pieces
 26860 | Snake:4  | Entered Level 4 of the Snake Pit
 27044 | Snake:4  | Noticed Mara
 27051 | Snake:4  | Noticed Charly's illusion
 27206 | Snake:4  | Killed Mara
 27207 | Snake:4  | Reached skill level 15 in Fighting
 27250 | Snake:4  | Found a shadowy altar of Dithmenos.
 27322 | Snake:4  | Found Itadweun's Vocational Training.
 27462 | Snake:4  | Found Didyesua's Distillery.
 27496 | Snake:4  | Noticed Roxanne
 27583 | Snake:4  | Reached XP level 18. HP: 104/104 MP: 30/30
 28070 | Snake:4  | Got a serpentine rune of Zot
 28280 | Snake:4  | Noticed Vashnia
 28282 | Snake:4  | Killed Vashnia
 28407 | Snake:4  | Reached skill level 16 in Fighting
 28594 | Snake:4  | Bought a manual of Evocations for 1600 gold pieces
 28681 | Swamp:1  | Entered Level 1 of the Swamp
 29695 | Swamp:2  | Reached XP level 19. HP: 101/111 MP: 30/33
 30522 | Swamp:4  | Entered Level 4 of the Swamp
 30527 | Swamp:4  | Reached skill level 10 in Armour
 30691 | Swamp:4  | Noticed the 27-headed Lernaean hydra
 30762 | Swamp:4  | Reached skill level 17 in Fighting
 30834 | Swamp:4  | Killed the 27-headed Lernaean hydra
 30862 | Swamp:4  | Reached skill level 10 in Spellcasting
 30975 | Swamp:4  | Got a decaying rune of Zot
 31661 | Elf:1    | Entered Level 1 of the Elven Halls
 32690 | Elf:2    | Found a bloodstained altar of Trog.
 32707 | Elf:2    | Reached XP level 20. HP: 85/117 MP: 35/35
 33025 | Elf:2    | Found a runed translucent gate.
 33025 | Elf:2    | Found a runed translucent gate.
 33027 | Elf:2    | Found a runed translucent gate.
 33222 | Elf:3    | Entered Level 3 of the Elven Halls
 33332 | Elf:3    | Noticed a Tzitzimitl
 33659 | Elf:3    | Identified the +9 morningstar of the Final Decision {heavy,
                  | Int+5 SInv}
 33754 | Elf:3    | Identified the +6 flail of Vehykk {flame, *Rage rN+ Dex+3}
 33764 | Elf:3    | Reached skill level 18 in Fighting
 33952 | Elf:3    | Found Voshecuz's Jewellery Emporium.
 34063 | Elf:3    | Identified the +1 quarterstaff of Turmoil {holy, Int-4
                  | Dex+5}
 34065 | Elf:3    | Noticed a Tzitzimitl
 34154 | Elf:3    | Got Usseonwo's Total Understanding of Witchcraft
 34208 | Elf:3    | Got Asoucs's Precepts of Stones and Beguiling
 34568 | Elf:3    | Found Voshecuz's Jewellery Emporium.
 35174 | Vaults:1 | Entered Level 1 of the Vaults
 35986 | Vaults:1 | Reached XP level 21. HP: 124/124 MP: 37/37
 36948 | Vaults:2 | Reached skill level 19 in Fighting
 37034 | Vaults:2 | Found a staircase to the Crypt.
 37034 | Vaults:2 | Found an ancient bone altar of Kikubaaqudgha.
 37035 | Vaults:2 | Found a basalt altar of Yredelemnul.
 37035 | Vaults:2 | Identified the serpent talisman of Nitam {rCorr}
 37035 | Vaults:2 | Noticed Aizul
 37039 | Vaults:2 | Killed Aizul
 37494 | Vaults:3 | Found Zufog's Armour Boutique.
 38318 | Vaults:3 | Reached skill level 10 in Dodging
 38599 | Vaults:4 | Reached XP level 22. HP: 93/132 MP: 39/39
 39018 | Vaults:4 | Reached skill level 20 in Fighting
 39818 | Vaults:4 | Found Jekascho's Antique Armour Emporium.
 39827 | Vaults:4 | Bought a transparent chain mail for 361 gold pieces
 39827 | Vaults:4 | Identified the +0 chain mail "Govvoufao" {rPois rF++} (You
                  | bought it in a shop on level 4 of the Vaults)
 40075 | Depths:1 | Entered Level 1 of the Depths
 40105 | Depths:1 | Found a broken altar of Ashenzari.
 40614 | Depths:1 | You fall into a shaft and drop 1 floor!
 40848 | Depths:1 | Found Big Baal Hell's Store.
 40868 | Depths:1 | Found a gateway to Hell.
 41216 | Depths:1 | Found Ulibbula's Book Shoppe.
 41217 | Depths:1 | Found Hearerph's Jewellery Shop.
 41218 | Depths:1 | Found Fupnidi's Book Shoppe.
 41303 | Depths:2 | Found a large runed translucent door.
 41303 | Depths:2 | Found a large runed translucent door.
 41412 | Depths:2 | Found a stormy altar of Qazlal.
 41672 | Depths:2 | Found a gateway to a bazaar.
 41824 | Depths:2 | Reached XP level 23. HP: 76/118 MP: 34/40
 41842 | Depths:2 | Reached skill level 21 in Fighting
 41870 | Depths:2 | Found a one-way gate to the infinite horrors of the Abyss.
 41908 | Depths:2 | Noticed Bai Suzhen
 41934 | Depths:2 | Killed Bai Suzhen
 42118 | Depths:2 | Found a one-way gate leading to the halls of Pandemonium.
 42773 | Depths:2 | Noticed Asterion
 42788 | Depths:2 | Killed Asterion
 43165 | Bazaar   | Entered a bazaar
 43186 | Bazaar   | Found Sisoz's Antique Weapon Emporium.
 43186 | Bazaar   | Found Jinweram's Magic Scroll Shoppe.
 43208 | Bazaar   | Found Imeff's Jewellery Emporium.
 43208 | Bazaar   | Found Rape's Book Shoppe.
 43317 | Bazaar   | Bought a scroll of acquirement for 728 gold pieces
 43317 | Bazaar   | Bought a scroll of revelation for 105 gold pieces
 43317 | Bazaar   | Bought a scroll of enchant armour for 105 gold pieces
 43317 | Bazaar   | Bought a scroll of enchant armour for 105 gold pieces
 43341 | Bazaar   | Bought the ring "Zoiqeinu" {rElec rF+ Str+6} for 567 gold
                  | pieces
 43442 | Depths:2 | Acquired the ring of Naunul {rF++ rN+ Str-2}
 43852 | Depths:3 | Noticed a caustic shrike
 43855 | Depths:3 | Noticed a juggernaut
 43969 | Depths:3 | Killed a juggernaut
 43984 | Depths:3 | Noticed a juggernaut
 44002 | Depths:3 | Killed a juggernaut
 44024 | Depths:3 | Killed a caustic shrike
 44052 | Depths:3 | Reached skill level 22 in Fighting
 44062 | Depths:3 | Noticed a juggernaut
 44064 | Depths:3 | Reached XP level 24. HP: 123/147 MP: 35/41
 44065 | Depths:3 | Identified the +4 halberd of Terror {freeze, rPois}
 44071 | Depths:3 | Killed a juggernaut
 44441 | Depths:2 | Bought the ring of the Hare {EV+10} for 2176 gold pieces
 44441 | Depths:2 | Found the ring of the Hare {EV+10}
 44483 | Depths:4 | Entered Level 4 of the Depths
 44610 | Depths:4 | Found a gate to the Realm of Zot.
 44685 | Depths:4 | Found a shimmering blue altar of Sif Muna.
 44716 | Depths:4 | Found a one-way gateway to a ziggurat.
 45102 | Depths:4 | Identified the +1 helmet of Kedeber {Stlth+}
 45120 | Depths:4 | Noticed Margery
 45139 | Depths:4 | Killed Margery
 45704 | Vaults:5 | Entered Level 5 of the Vaults
 45855 | Vaults:5 | Noticed an ancient lich
 45872 | Vaults:5 | Killed an ancient lich
 45898 | Vaults:5 | Reached skill level 23 in Fighting
 45989 | Vaults:5 | Identified the +6 dagger of Bodily Harmony {heavy, ^Contam
                  | rElec rN+ Will++}
 46070 | Vaults:5 | Reached XP level 25. HP: 141/154 MP: 41/42
 46179 | Vaults:5 | Got the Compendium of Snow-white Black Ceremonies
 46184 | Vaults:5 | Identified the +0 ring mail of Chimes {rF++ rC+ rN+}
 46273 | Vaults:5 | Identified the +7 chain mail of Desiyts {Regen+ Int+6}
 46427 | Vaults:5 | Reached skill level 15 in Spellcasting
 46547 | Vaults:5 | Identified the staff of Scuffed Offence {rC- rN+ Str+2
                  | Dex+5 Necro}
 46998 | Vaults:5 | Got a silver rune of Zot
 47153 | Vaults:5 | Identified the ring "Qaovvo Wao" {*Corrode rN+ AC+4 Str+3
                  | Dex+5}
 48264 | Zot:1    | Entered Level 1 of the Realm of Zot
 48886 | Zot:2    | Noticed an orb of fire
 48906 | Zot:2    | Gained mutation: You occasionally lose the ability to drink
                  | potions when taking damage. [an orb of fire]
 48911 | Zot:2    | Gained mutation: You are dopey. (Int -2) [an orb of fire]
 48916 | Zot:2    | Gained mutation: You are clumsy. (Dex -2) [an orb of fire]
 48921 | Zot:2    | Killed an orb of fire
 48922 | Zot:2    | Lost mutation: You occasionally lose the ability to drink
                  | potions when taking damage. [potion of mutation]
 48922 | Zot:2    | Lost mutation: You are clumsy. (Dex -2) [potion of
                  | mutation]
 48922 | Zot:2    | Lost mutation: You are dopey. (Int -2) [potion of mutation]
 48922 | Zot:2    | Gained mutation: Your health recovers twice as slowly from
                  | being drained. [potion of mutation]
 48922 | Zot:2    | Gained mutation: You are agile. (Dex +4, Str/Int -1)
                  | [potion of mutation]
 48922 | Zot:2    | Gained mutation: Your spells are a little easier to cast,
                  | but a little less powerful. [potion of mutation]
 48922 | Zot:2    | Gained mutation: Your muscles are strong. (Str +4, Int/Dex
                  | -1) [potion of mutation]
 49317 | Zot:2    | Reached skill level 24 in Fighting
 49808 | Zot:3    | Noticed Grunn
 49820 | Zot:3    | Killed Grunn
 50518 | Zot:3    | Reached XP level 26. HP: 154/155 MP: 44/44
 51109 | Zot:4    | Acquired 750 gold pieces
 51567 | Snake:1  | Bought a potion of resistance for 170 gold pieces
 51567 | Snake:1  | Bought a potion of resistance for 170 gold pieces
 51567 | Snake:1  | Bought 2 potions of resistance for 340 gold pieces
 52384 | Zot:4    | Noticed a dread lich
 52400 | Zot:4    | Killed a dread lich
 52409 | Zot:4    | Identified the +0 helmet "Faotsil" {rN++ Dex-4}
 52524 | Zot:4    | Found a burning altar of Makhleb.
 52727 | Zot:4    | Reached skill level 25 in Fighting
 52737 | Zot:4    | Identified the +4 dagger of Accord {drain, ^Fragile rElec
                  | Int+3 Dex+2}
 52850 | Zot:4    | Found a transporter.
 52920 | Zot:5    | Entered Level 5 of the Realm of Zot
 53185 | Zot:5    | Reached skill level 15 in Dodging
 53677 | Zot:5    | Noticed a dread lich
 53692 | Zot:5    | Killed a dread lich
 53849 | Zot:5    | Noticed an orb of fire
 53849 | Zot:5    | Gained mutation: Your spells are easier to cast, but less
                  | powerful. [an orb of fire]
 53852 | Zot:5    | Gained mutation: You have hidden genetic defects. [an orb
                  | of fire]
 53860 | Zot:5    | Killed an orb of fire
 53869 | Zot:5    | Noticed a Killer Klown
 53878 | Zot:5    | Killed a Killer Klown
 53882 | Zot:5    | Noticed a Killer Klown
 53887 | Zot:5    | Killed a Killer Klown
 53893 | Zot:5    | Noticed a dread lich
 53898 | Zot:5    | Killed a dread lich
 53913 | Zot:5    | Noticed an orb of fire
 53931 | Zot:5    | Killed an orb of fire
 53944 | Zot:5    | Noticed a dread lich
 53960 | Zot:5    | Killed a dread lich
 53969 | Zot:5    | Noticed a dread lich
 53979 | Zot:5    | Killed a dread lich
 54011 | Zot:5    | Noticed an ancient lich
 54011 | Zot:5    | Noticed a dread lich
 54011 | Zot:5    | Noticed a dread lich
 54036 | Zot:5    | Killed a dread lich
 54043 | Zot:5    | Gained mutation: Your spells are much easier to cast, but
                  | much less powerful. [hidden defects]
 54047 | Zot:5    | Noticed a Killer Klown
 54050 | Zot:5    | Killed an ancient lich
 54051 | Zot:5    | Reached XP level 27. HP: 164/169 MP: 44/45
 54056 | Zot:5    | Killed a dread lich
 54639 | Zot:5    | Gained mutation: Your body sometimes deteriorates upon
                  | taking damage. [hidden defects]
 54639 | Zot:5    | Lost mutation: You have hidden genetic defects. [hidden
                  | defects expressed]
 54811 | Zot:5    | Lost mutation: You are agile. (Dex +4, Str/Int -1) [potion
                  | of mutation]
 54811 | Zot:5    | Lost mutation: Your spells are much easier to cast, but
                  | much less powerful. [potion of mutation]
 54811 | Zot:5    | Gained mutation: You have hidden genetic potential. [potion
                  | of mutation]
 54811 | Zot:5    | Lost mutation: Your spells are easier to cast, but less
                  | powerful. [potion of mutation]
 54813 | Zot:5    | Got the Orb of Zot
 54914 | Depths:4 | Noticed a seraph
 55160 | D:11     | Noticed a seraph
 55344 | D:$      | Escaped with the Orb!

Illustrated notes

Levels and vault maps discovered:
D:1:      nzn_arrival_depleted_hourglass, layout_basic,
          ebering_ecumenical_altar_abandoned, minivault_27, minmay_octomino_c4
D:2:      layout_basic, hangedman_feature_mirror,
          chequers_serial_rivers_small_b, uniq_crazy_yiuf_cottage, uniq_sigmund
D:3:      layout_basic, nicolae_overflow_crystal_walls, cheibriados_altar_1,
          nicolae_houndstooth_variations
D:4:      layout_basic, minmay_temple_entry_butterflies, uniq_menkaure,
          uniq_edmund
D:5:      layout_cave_pools, grunt_temple_overflow_magic_moments,
          gammafunk_temple_overflow_elements, ebering_ghost_gozag,
          dreamdust_wishing_well, corexii_corridor_pit, uniq_grinder,
          uniq_pikel, uniq_ijyb
D:6:      layout_rooms, grunt_gozag_breadcrumbs
D:7:      layout_rooms, enter_bailey_3, nicolae_concentric_dashed_squares_mild,
          uniq_duvessa
D:8:      layout_basic, kennysheep_ying_yang, erik_lair_orcish_takeover,
          uniq_maurice, uniq_psyche
D:9:      layout_basic, fedhas_altar_3, mainiacjoe_overflow_small_starburst
D:10:     layout_rooms, mainiacjoe_overflow_swirl, erik_orc_2
D:11:     layout_basic, nicolae_blasting_shop, dilly_guarded_unrand_devastator,
          uniq_fannar, uniq_amaemon
D:12:     layout_loops_cross, serial_bayou_crossing
D:13:     layout_stronghold, david_vaults_2, gauntlet_entry_generic, uniq_rupert
D:14:     layout_irregular_city, grunt_decor_fettered, uniq_frances
D:15:     hangedman_depths_entry_try_elsewhere_first, layout_grid_maze,
          minmay_misc_feat_tiny, uniq_josephine, uniq_kirke, uniq_azrael,
          uniq_agnes
Temple:   hellmonk_temple_micro_hex
Lair:1:   layout_roguey
Lair:2:   layout_misc_corridors, minmay_snake_entry_guardpost_small,
          serial_bayou_lagoon_a
Lair:3:   layout_chaotic_city, minmay_swamp_entry_reptiles, serial_bayou_ford_a,
          serial_bayou_shore_b, serial_bayou_shore_b
Lair:4:   layout_cellular_growth, minmay_slime_entry_oklob_enclosed
Lair:5:   hangedman_lair_in_review, layout_loops_ring,
          lightli_volcano_entry_magma_tube, infiniplex_staircase_pool
Swamp:1:  layout_basic_swamp, hangedman_swamp_lotus
Swamp:2:  layout_falls_marsh, evilmike_swamp_ruin_house_4, swamp_pool_1_2,
          hangedman_swamp_grove
Swamp:3:  layout_falls_marsh, nicolae_swamp_trees_clearing, swamp_pool_3,
          hangedman_swamp_blocks, hangedman_swamp_ravenous
Swamp:4:  swamp_old_school, layout_basic_swamp, swamp_pool_1_2
Snake:1:  layout_onion_interference, serial_shops, nicolae_shop_window_shopping,
          shop, shop, minmay_shop_star
Snake:2:  layout_onion_interference, basic_altar,
          serial_library_regret_index_turning, nicolae_shop_firing_range,
          lemuel_fruit_tree
Snake:3:  layout_cave_town, portal_ice_cave_entry_ice_statue_two,
          serial_bayou_shore_a, uniq_saint_roka
Snake:4:  snake_pit_salamanders_mu, layout_misc_corridors, basic_altar,
          serial_shops, nicolae_shop_behind_doors, nicolae_shop_vocational,
          uniq_roxanne, uniq_mara, uniq_vashnia
Orc:1:    layout_caves
Orc:2:    st_orc_ogre_mass, layout_diamond_mine, uniq_erolcha
Elf:1:    eino_elf_arrival_customs, layout_gridlike, minmay_elf_crystal_hexagon,
          kilobyte_rumbling_trees
Elf:2:    nicolae_elf_blades_splatter_lattice [nicolae_blade_entry_antechamber],
          layout_geoelf_diagonals, evilmike_spriggan_trog_shrine
Elf:3:    grunt_elf_hall_branching, layout_loops_cross, serial_shops, shop
Vaults:1: vaults_room_grunt_arrival_checkpoint, nicolae_vaults_what_the_h,
          nicolae_vaults_diamond_2, v_misc_4, nicolae_vaults_storage_closets_3,
          nicolae_vaults_tangram_2, nicolae_vaults_double_plus_1,
          nicolae_vaults_double_plus_1, nicolae_vaults_border_crossing,
          hangedman_vaults_pinch, hangedman_vaults_impose, v_misc_8, v_misc_24,
          layout_vaults_omnibox
Vaults:2: nicolae_vaults_closet_pinwheel_3, minmay_crypt_entry_necro_gods,
          v_alt_pattern_5, hangedman_vaults_cutoff, vaults_room_large_hall,
          v_misc_5, nicolae_vaults_security_offices_1,
          nicolae_vaults_closet_pinwheel_2, vaults_room_corners,
          nicolae_vaults_storage_room_glass, layout_vaults_big_room, uniq_aizul
Vaults:3: ontoclasm_vaults_decontamination, nicolae_vaults_tetromino_Z_2,
          vaults_room_door_hall, v_rooms_4, nicolae_vaults_storage_room_statues,
          nicolae_vaults_closet_pinwheel_4, st_lines, vaults_dpeg_diagonal,
          vaults_dpeg_emergency_exit, ontoclasm_vaults_gateway,
          nicolae_vaults_cochlea, nicolae_vaults_oval_intersection,
          dpeg_vaults_monster_row, layout_vaults_maze_snakey, serial_shops,
          nicolae_shop_tiny_real_fake_doors
Vaults:4: nicolae_vaults_three_branches, v_rooms_2, hangedman_vaults_slice,
          nicolae_vaults_prndl, vaults_mumra_hex, ontoclasm_vaults_gallery,
          vaults_dpeg_cross, layout_vaults_quadrants, serial_shops, shop
Vaults:5
Depths:1: layout_gridlike, nicolae_figureground_sparkle,
          nicolae_hell_entry_big_baal_hell, ashenzari_conservatory_becter,
          serial_bayou_shore_b, serial_bayou_shore_b, minmay_shop_grove
Depths:2: lightli_eight_chambers, layout_small_grid, hell_entry,
          roderic_lattice_a, grunt_pan_entry_in_and_out, serial_shops,
          bzr_entry_islet, abyss_entry, grunt_qazlal_sundering, uniq_bai_suzhen,
          uniq_asterion
Depths:3: nicolae_fronds_of_death, layout_cave_pools, minmay_misc_feat_encased,
          hell_entry, hangedman_abyss_entry_splay, pan_entry
Depths:4: evilmike_zot_entry_basic, layout_basic, enter_ziggurat_d,
          grunt_metal_band, lemuel_blue_sif_altar, nicolae_triple_integral
Zot:1:    layout_onion
Zot:2:    layout_gridlike, kennysheep_underground_church
Zot:3:    layout_cathedral_of_symmetry, uniq_grunn
Zot:4:    hellmonk_paralyzer, layout_gridville,
          regret_index_zotdec_demonic_mixed, nicolae_diode_basic,
          grunt_megastairs_2
Zot:5:    layout_basic, st_stairs_14

Skill      XL: |  1  2  3  4  5  6  7  8  9 10 11 12 13 14 15 16 17 18 19 20 21 22 23 24 25 26 27 |
---------------+----------------------------------------------------------------------------------+-----
Short Blades   | 2 3 4 5 7 9 10 11 13 14 | 14.0
Fighting       | 2 3 4 5 6 7 9 10 11 12 13 15 16 17 18 19 20 22 23 24 25 | 25.8
Stealth        | 5 6 7 9 10 11 12 13 14 15 16 17 18 19 | 19.6
Spellcasting   | 1 2 3 5 6 7 9 10 11 12 13 14 16 17 | 17.7
Evocations     | 3 5 6 7 8 10 14 15 16 17 18 19 | 19.0
Armour         | 1 2 3 6 8 9 10 11 12 13 14 | 14.8
Dodging        | 2 4 5 6 7 9 10 11 12 13 14 15 | 15.6
Throwing       | |  1.7

Action                     |  1- 3 |  4- 6 |  7- 9 | 10-12 | 13-15 | 16-18 | 19-21 | 22-24 | 25-27 || total
---------------------------+-------+-------+-------+-------+-------+-------+-------+-------+-------++-------
  Melee: Dagger            |    75 |    99 |   103 |       |       |       |       |       |       ||   277
         Bite              |    13 |    13 |    90 |   246 |   431 |   565 |   648 |   842 |   732 ||  3580
         Short sword       |       |       |   177 |   607 |       |       |       |       |       ||   784
         Punch             |       |       |     7 |    10 |    13 |    13 |    31 |    51 |    33 ||   158
         Rapier            |       |       |       |    86 |  1085 |  1276 |  1315 |  1381 |  1175 ||  6318
  Throw: Dart              |    19 |    39 |    70 |    66 |    54 |       |       |     5 |       ||   253
         Throwing net      |       |       |     2 |       |     3 |     1 |       |       |     1 ||     7
 Invoke: Potion Petition   |       |       |     1 |       |       |     2 |       |     1 |       ||     4
         Call Merchant     |       |       |       |     2 |     1 |       |     4 |     1 |       ||     8
         Bribe Branch      |       |       |       |       |       |       |       |       |     1 ||     1
Ability: Evoke Invisibilit |       |       |       |       |     1 |     2 |     9 |    10 |     7 ||    29
  Evoke: Wand              |       |       |    19 |    23 |    30 |    23 |    14 |    42 |    16 ||   167
         Phantom mirror    |       |       |       |       |     2 |     3 |     1 |     3 |       ||     9
         Condenser vane    |       |       |       |       |       |     2 |     4 |     5 |     1 ||    12
         Phial of floods   |       |       |       |       |       |       |       |     2 |       ||     2
         Lightning rod     |       |       |       |       |       |       |       |       |     2 ||     2
    Use: Scroll            |     4 |     2 |     5 |    13 |    14 |    12 |     3 |    10 |     5 ||    68
         Potion            |       |       |     2 |     2 |     3 |     1 |       |     1 |     5 ||    14
   Stab: Sleeping          |    10 |    14 |    15 |     8 |    39 |    25 |    34 |    16 |    23 ||   184
         Distracted        |       |     1 |     2 |     2 |     8 |    23 |    11 |    13 |    13 ||    73
         Held in net/web   |       |       |     1 |       |     4 |     2 |       |       |     2 ||     9
         Betrayed ally     |       |       |       |     1 |       |       |       |       |       ||     1
         Invisible         |       |       |       |       |    10 |     4 |    44 |    61 |    61 ||   180
 Armour: Robe              |    33 |    37 |   131 |    52 |       |       |       |       |       ||   253
         Ring mail         |       |       |       |   217 |   307 |       |       |       |   364 ||   888
         Leather armour    |       |       |       |    75 |    86 |       |       |       |       ||   161
         Chain mail        |       |       |       |       |   169 |   908 |   834 |   835 |     2 ||  2748
  Dodge: Dodged            |    22 |    39 |    90 |   197 |   376 |   453 |   497 |   601 |   835 ||  3110
  Block: Other             |       |       |       |       |     7 |       |       |       |       ||     7

Table legend: (Time is in decaauts)
 A = Elapsed time spent in this place.
 B = Non-inter-level travel time spent in this place.
 C = Inter-level travel time spent in this place.
 D = Time resting spent in this place.
 E = Time spent auto-exploring this place.
 F = Levels seen in this place.
 G = Mean time per level.
                   A        B        C        D        E       F      G
               +--------+--------+--------+--------+--------+-----+--------+
         Total |  51998 |  46368 |   5630 |   1395 |  31952 |  53 |  981.1 |
       Dungeon |  15649 |  12990 |   2659 |    251 |   9049 |  15 | 1043.3 |
        Temple |      1 |      1 |      0 |      0 |      0 |   1 |    1.0 |
          Lair |   5332 |   4668 |    664 |    167 |   3417 |   5 | 1066.4 |
         Swamp |   2590 |   2479 |    111 |      0 |   1845 |   4 |  647.5 |
     Snake Pit |   3910 |   3631 |    279 |    144 |   2285 |   4 |  977.5 |
  Orcish Mines |   2201 |   1968 |    233 |    143 |   1102 |   2 | 1100.5 |
   Elven Halls |   3167 |   3013 |    154 |     56 |   2311 |   3 | 1055.7 |
        Vaults |   6623 |   6246 |    377 |      0 |   4757 |   5 | 1324.6 |
        Depths |   5242 |   4444 |    798 |     92 |   3048 |   4 | 1310.5 |
           Zot |   5422 |   5072 |    350 |    394 |   3241 |   5 | 1084.4 |
        Bazaar |    218 |    218 |      0 |      0 |     88 |   1 |  218.0 |
        Bailey |    592 |    592 |      0 |      3 |    350 |   1 |  592.0 |
      Ice Cave |    111 |    111 |      0 |      0 |     38 |   1 |  111.0 |
       Volcano |    256 |    256 |      0 |     43 |     81 |   1 |  256.0 |
      Gauntlet |    677 |    677 |      0 |    100 |    337 |   1 |  677.0 |
               +--------+--------+--------+--------+--------+-----+--------+

Top non-repeatable levels by time:
Depths:2: 2153 daAuts
Vaults:5: 2129 daAuts
   Zot:5: 1736 daAuts
   Elf:3: 1601 daAuts
 Snake:4: 1450 daAuts
Vaults:4: 1363 daAuts
     D:4: 1329 daAuts
   Orc:2: 1329 daAuts
     D:9: 1313 daAuts
  Lair:5: 1297 daAuts
    D:10: 1269 daAuts
     D:5: 1227 daAuts
     D:1: 1226 daAuts
    D:11: 1203 daAuts
  Lair:1: 1189 daAuts
